 Dungeon Crawl Stone Soup version 0.16-a0-3215-g5dfac0e (webtiles) character file.

6692 PolkaDot the Summoner (level 10, -11/74 HPs)
             Began as a Vampire Summoner on Dec 20, 2014.
             Was a Priest of Sif Muna.
             Incinerated by a mottled dragon (18 damage)
             ... with a splash of liquid fire
             ... on level 12 of the Dungeon.
             The game lasted 00:54:32 (13651 turns).

PolkaDot the Summoner (Vampire Summoner)           Turns: 13651, Time: 00:54:33

Health: -11/74     AC: 15    Str:  7    XL:     10   Next: 74%
Magic:  9/16       EV: 16    Int: 20    God:    Sif Muna [***...]
Gold:   622        SH:  0    Dex: 14    Spells: 5 memorised, 2 levels left

rFire  x . .     SeeInvis +     a - staff of summoning
rCold  + + .     Clarity  .     V - +2 troll leather armour
rNeg   + + .     SustAb   .     (no shield)
rPois  +         Gourm    .     E - +2 helmet of the Blind Marksman {rPois MR+}
rElec  .         Spirit   .     h - +1 cloak
rCorr  .         Warding  +     m - +0 pair of gloves
rMut   .         Stasis   .     L - +1 pair of boots {Fly}
MR     ++...                    W - amulet of regeneration
Stlth  +.........               T - ring of ice
                                p - +2 ring of evasion

@: liquid flames, flying, regenerating slowly, slowed, glowing, very slow, very
resistant to hostile enchantments, very unstealthy
A: bottle blood, fangs 3, see invisible, unbreathing
a: Bat Form, Channel Energy, Forget Spell, Renounce Religion, Stop Flying


You were on level 12 of the Dungeon.
You worshipped Sif Muna.
Sif Muna was most pleased with you.
You were very thirsty.

You visited 1 branch of the dungeon, and saw 12 of its levels.
You also visited: Labyrinth and Ossuary.

You collected 1061 gold pieces.
You spent 439 gold pieces at shops.

Inventory:

Hand weapons
 b - a +3 blowgun
Missiles
 w - 2 throwing nets (quivered)
 Q - a curare-tipped needle
 S - 31 poisoned needles
Armour
 h - a +1 cloak (worn)
 m - a +0 pair of gloves (worn)
 E - the +2 helmet of the Blind Marksman (worn) {rPois MR+}
   (You bought it in a shop on level 6 of the Dungeon)

   It protects you from poison.
   It affects your resistance to hostile enchantments.
 L - a +1 pair of boots of flying (worn)
 V - a +2 troll leather armour (worn)
Magical staves
 a - an uncursed staff of summoning (weapon)
Jewellery
 p - a +2 ring of evasion (left hand)
 q - an uncursed amulet of resist corrosion
 H - an uncursed ring of protection from cold
 K - an uncursed ring of sustain abilities
 T - a ring of ice (right hand)
 W - an amulet of regeneration (around neck)
Magical devices
 d - a wand of lightning (8)
 j - a wand of fireball (2)
 l - a wand of fireball (5)
 o - a wand of lightning (4)
 F - a wand of draining (10)
 U - a wand of paralysis (7)
Scrolls
 g - a scroll of fear
 i - 3 scrolls of fog
 s - 8 scrolls of blinking
 y - a scroll of torment {unknown}
 z - a scroll of amnesia {unknown}
 C - 5 scrolls of remove curse
 I - a scroll of immolation {unknown}
 J - a scroll of summoning {unknown}
 N - a scroll of enchant weapon {unknown}
Potions
 e - 7 potions of heal wounds
 f - a potion of agility
 k - 2 potions of mutation {!q}
 r - 4 potions of lignification
 u - a potion of flight {unknown}
 v - 6 potions of curing
 x - a potion of haste
 A - 4 potions of might
 B - 22 potions of blood {@*1}
 G - 6 potions of brilliance
 M - a potion of restore abilities {unknown}
 O - 2 potions of resistance {unknown}
 R - a potion of cure mutation {unknown}
Books
 D - a book of Ice

   Spells                             Type                      Level
   a - Ice Form                       Ice/Transmutation            4
   b - Metabolic Englaciation         Hexes/Ice                    5
   c - Ozocubu's Refrigeration        Ice                          6
   d - Bolt of Cold                   Conjuration/Ice              6
   e - Freezing Cloud                 Conjuration/Ice/Air          6
   f - Simulacrum                     Ice/Necromancy               6
 X - a book of Necromancy

   Spells                             Type                      Level
   a - Pain                           Necromancy                   1
   b - Animate Skeleton               Necromancy                   1
   c - Vampiric Draining              Necromancy                   3
   d - Regeneration                   Charms/Necromancy            3
   e - Animate Dead                   Necromancy                   4
   f - Control Undead                 Necromancy                   4
 Y - a book of Beasts

   Spells                             Type                      Level
   a - Summon Butterflies             Summoning                    1
   b - Call Canine Familiar           Summoning                    3
   c - Summon Ice Beast               Ice/Summoning                4
   d - Summon Mana Viper              Hexes/Summoning              5
   e - Monstrous Menagerie            Summoning                    6
   f - Summon Hydra                   Summoning                    7


   Skills:
 - Level 5.1 Fighting
   Level 1.4 Short Blades
 * Level 7.0 Staves
 + Level 3.1 Armour
 - Level 6.3 Dodging
 - Level 3.0 Stealth
 - Level 2.0 Spellcasting
 + Level 10.0 Summonings
 - Level 5.7 Ice Magic


You had 2 spell levels left.
You knew the following spells:

 Your Spells              Type           Power        Failure   Level  Hunger
b - Summon Butterflies    Summ           ######..     1%          1    #......
d - Call Canine Familiar  Summ           ######..     1%          3    ###....
i - Summon Ice Beast      Ice/Summ       ######..     10%         4    #####..
s - Call Imp              Summ           ######..     1%          2    ##.....
z - Summon Small Mammal   Summ           ####         1%          1    #......


Dungeon Overview and Level Annotations

Branches:
Dungeon (12/15)            Temple (0/1) D:5            Lair (0/8) D:10
    Orc (0/4) D:12

Altars:
Ashenzari
Cheibriados
Kikubaaqudgha
Nemelex Xobeh
Okawaru
Qazlal
Ru
Sif Muna
Xom
Zin

Shops:
D:5 [   D:6 [

Annotations:
D:7 runed door
D:8 Maurice
D:12 Sonja


Innate Abilities, Weirdness & Mutations

You heal slowly.
You can bottle blood from corpses.
You have razor-sharp teeth.
You have supernaturally acute eyesight.
You can survive without breathing.


Message History

The mottled dragon bites you.
* * * LOW HITPOINT WARNING * * *
The mottled dragon misses you.
Sonja unwields an uncursed glowing dagger.
Its appearance distorts for a moment.
Sonja wields a blowgun.
Sonja shoots a curare-tipped needle.
The curare-tipped needle completely misses your ice beast.
The curare-tipped needle hits you.
You feel yourself slow down.
Sonja, the Graceful Assassin comes into view.
She is wielding a blowgun.
You swap places.
You are covered in liquid flames!
* * * LOW HITPOINT WARNING * * *
Your ice beast barely misses the mottled dragon.
Your ice beast hits the mottled dragon but does no damage.
The mottled dragon bites you but does no damage.
The mottled dragon claws you but does no damage.
Your ice beast hits the mottled dragon but does no damage.
Your ice beast barely misses the mottled dragon.
You are covered in liquid flames!
You die...

*,* #....###.##..##........
*,* #..).# #.##.##......∩.)
**,**#....###...<...........
**,,,*#........##.#.#.#.#####
*,,,,,###########.##..#.# #
*,,,*,* #............# #
*,,,,,* #.#####.#..### #
**...#######>#####.#.## ##
**#.K...YY.@......#.* #.
#.##.##D#.##.##.#.* #.
*,**,*#.#.##.##.#,* ###.
*,,,,*#.#........,* #...
*,****#.#.#####.##* #.#.
*,****#.#..,,,..#######.#.
*,,,,,..###***####........
******### #<####>.. #.# ####


You could see Sonja, a mottled dragon and 2 friendly ice beasts.

Vanquished Creatures
  A troll (D:11)
  2 deep elf magi
  Grum (D:8)
  A wolf (D:8)
  A centaur (D:6)
  An ogre (D:4)
  An ice beast (D:11)
  4 giant frogs
  A wight (D:9)
  A giant frog zombie (D:11)
  2 crimson imps
  4 hounds
  An orc priest (D:5)
  2 centaur skeletons
  5 jellies
  A worker ant (D:5)
  2 orc wizards
  An iguana (D:6)
  4 big kobold zombies (Ossuary)
  2 hound skeletons
  3 adders
  2 shadow imps (D:6)
  2 worms
  An adder zombie (D:6)
  2 adder skeletons
  3 giant geckos
  19 orcs
  3 spectral bats (Ossuary)
  11 bats
  A bat zombie (D:5)
  2 giant cockroaches
  3 gnoll zombies (Ossuary)
  5 goblins
  13 hobgoblins
  16 kobolds
  An ooze (D:4)
  2 quokkas
  A sheep (D:7)
  A ball python (D:3)
  A bat simulacrum (Ossuary)
  A giant gecko skeleton (D:5)
  8 giant newts
  3 goblin simulacra (Ossuary)
  4 goblin zombies
  2 hobgoblin zombies (Ossuary)
  6 jackals (D:3)
  7 kobold simulacra (Ossuary)
  A kobold zombie (Ossuary)
  An orc zombie (Ossuary)
  6 rats
  2 rat simulacra (Ossuary)
  A rat zombie (D:4)
  A spectral goblin (Ossuary)
  2 spectral kobolds (Ossuary)
  2 spectral rats (Ossuary)
177 creatures vanquished.

Vanquished Creatures (collateral kills)
  A minotaur (Lab)
  A hydra (D:12)
  2 hill giants
  A gargoyle (D:11)
  5 trolls
  3 deep elf magi
  A hippogriff (D:11)
  A wraith (D:10)
  2 hungry ghosts
  Menkaure (D:4)
  2 wolves (D:8)
  3 orc warriors
  2 phantoms
  A necrophage (D:9)
  5 sky beasts
  2 ice beasts
  A centaur (D:6)
  3 big kobolds
  Blork the orc (D:7)
  A giant frog (D:11)
  2 scorpions
  3 wights (D:9)
  6 crimson imps
  A goliath beetle (D:6)
  5 jellies
  3 orc priests
  4 hounds
  8 orc wizards
  A centaur skeleton (D:6)
  2 iguanas
  A worker ant (D:6)
  2 big kobold zombies (Ossuary)
  2 mummies
  A worker ant zombie (D:11)
  5 adders
  5 worms
  5 oozes (D:8)
  25 orcs
  A spectral bat (Ossuary)
  6 bats
  3 giant cockroaches
  2 gnoll zombies (Ossuary)
  4 hobgoblins
  7 kobolds
  A quokka (D:6)
  A bat simulacrum (Ossuary)
  A goblin (D:6)
  A goblin zombie (Ossuary)
  2 hobgoblin zombies (Ossuary)
  A kobold simulacrum (Ossuary)
  2 kobold zombies (Ossuary)
  4 orc zombies (Ossuary)
  5 rats
  3 spectral goblins (Ossuary)
  2 spectral kobolds (Ossuary)
  2 spectral rats (Ossuary)
168 creatures vanquished.

Vanquished Creatures (others)
  8 ice beasts
  7 wolves
  A warg (D:12)
  A human (D:6)
  2 crimson imps
  A hound (Ossuary)
  A white imp (D:3)
  A gnoll zombie (Ossuary)
  2 bats (D:1)
  A goblin zombie (Ossuary)
  An orc zombie (Ossuary)
  A quokka (D:1)
27 creatures vanquished.

Grand Total: 372 creatures vanquished

Notes
Turn   | Place    | Note
--------------------------------------------------------------
     0 | D:1      | PolkaDot, the Vampire Summoner, began the quest for the Orb.
     0 | D:1      | Reached XP level 1. HP: 13/13 MP: 3/3
    46 | D:1      | Reached skill level 1 in Fighting
   378 | D:1      | Reached XP level 2. HP: 16/21 MP: 4/4
   916 | D:1      | Learned a level 2 spell: Call Imp
  1112 | D:2      | Reached XP level 3. HP: 10/28 MP: 0/6
  1343 | D:2      | Learned a level 3 spell: Call Canine Familiar
  1937 | D:2      | Found a sacrificial altar of Ru.
  1937 | D:2      | Found a shattered altar of Ashenzari.
  1939 | D:2      | Found a deep blue altar of Sif Muna.
  1940 | D:2      | Found an iron altar of Okawaru.
  1943 | D:2      | Found a glowing silver altar of Zin.
  1948 | D:2      | Became a worshipper of Sif Muna the Loreminder
  1951 | D:2      | Found a snail-covered altar of Cheibriados.
  2626 | D:2      | Reached XP level 4. HP: 28/35 MP: 7/7
  2643 | D:3      | Found a sparkling altar of Nemelex Xobeh.
  3248 | D:3      | Reached skill level 1 in Short Blades
  3557 | D:3      | Reached XP level 5. HP: 19/41 MP: 0/9
  3957 | D:4      | Reached skill level 5 in Summonings
  4198 | D:4      | Found a sand-covered staircase.
  4216 | Ossuary  | Entered an ossuary
  4429 | Ossuary  | Reached XP level 6. HP: 45/47 MP: 10/10
  4794 | D:4      | Noticed an ogre
  4829 | D:4      | Killed an ogre
  4829 | D:4      | Reached skill level 6 in Summonings
  5003 | D:4      | Noticed Menkaure
  5010 | D:4      | Killed Menkaure
  5010 | D:4      | Acquired Sif Muna's first power
  5862 | D:4      | Reached XP level 7. HP: 53/53 MP: 12/12
  5956 | D:5      | Entered Level 5 of the Dungeon
  6013 | D:5      | Found Poestrud's Antique Armour Boutique.
  6037 | D:5      | Bought a dyed leather armour for 62 gold pieces
  6872 | D:5      | Reached skill level 7 in Summonings
  7164 | D:5      | Found a staircase to the Ecumenical Temple.
  7227 | D:5      | Learned a level 4 spell: Summon Ice Beast
  7270 | D:6      | Reached skill level 1 in Ice Magic
  7341 | D:6      | Found an ancient bone altar of Kikubaaqudgha.
  7342 | D:6      | Noticed a human
  7344 | D:6      | Killed a human
  7405 | D:6      | Found a staircase to the Ecumenical Temple.
  7414 | D:6      | Reached XP level 8. HP: 49/61 MP: 13/13
  7767 | D:6      | Found Caommont's Antique Armour Shop.
  7788 | D:6      | Acquired Sif Muna's second power
  7802 | D:6      | Bought a transparent helmet for 256 gold pieces
  7812 | D:6      | Identified the +2 helmet of the Blind Marksman {rPois MR+} (You bought it in a shop on level 6 of the Dungeon)
  8242 | D:7      | Reached skill level 5 in Fighting
  8354 | D:7      | Noticed Blork the orc
  8360 | D:7      | Killed Blork the orc
  8409 | D:7      | Found a shimmering altar of Xom.
  8424 | D:7      | Found a runed door.
  8425 | D:7      | Found a runed door.
  8432 | D:7      | Found a runed door.
  8432 | D:7      | Found a runed door.
  8432 | D:7      | Found a runed door.
  8448 | D:7      | Found a runed door.
  8710 | D:8      | Noticed Maurice
  8787 | D:8      | Noticed Grum
  8795 | D:8      | Killed Grum
  8795 | D:8      | Reached skill level 5 in Ice Magic
  8795 | D:8      | Reached skill level 1 in Staves
  8795 | D:8      | Reached skill level 8 in Summonings
  8823 | D:8      | Reached XP level 9. HP: 35/68 MP: 5/14
  9637 | D:6      | Bought a pair of embroidered boots for 121 gold pieces
  9764 | D:9      | Reached skill level 5 in Dodging
  9809 | D:9      | Found a stormy altar of Qazlal.
 10690 | D:10     | Entered Level 10 of the Dungeon
 10844 | D:10     | Found a staircase to the Lair.
 11761 | D:11     | Reached skill level 9 in Summonings
 11930 | D:11     | Reached XP level 10. HP: 74/74 MP: 0/16
 11971 | D:11     | Reached skill level 5 in Staves
 12031 | D:11     | Reached skill level 1 in Armour
 12213 | D:11     | Noticed a hill giant
 12222 | D:11     | Killed a hill giant
 12314 | D:11     | Found Plufu's Book Boutique.
 12545 | D:12     | Found a staircase to the Orcish Mines.
 12565 | D:12     | Noticed a hill giant
 12571 | D:12     | Killed a hill giant
 12722 | D:12     | Noticed an eight-headed hydra
 12729 | D:12     | Killed an eight-headed hydra
 12815 | D:12     | Found a labyrinth entrance.
 12820 | Lab      | Entered a labyrinth
 13472 | Lab      | Noticed a minotaur
 13488 | Lab      | Killed a minotaur
 13503 | Lab      | Learned a level 1 spell: Summon Butterflies
 13611 | D:12     | Reached skill level 10 in Summonings
 13614 | D:12     | Got a jewelled rapier
 13615 | D:12     | Identified the +5 rapier "Piafef" {pierce, -Cast Int+2 Dex+2} (You found it on level 12 of the Dungeon)
 13650 | D:12     | Noticed Sonja
 13651 | D:12     | Incinerated by a mottled dragon

Action                   |  1- 3 |  4- 6 |  7- 9 | 10-12 || total
-------------------------+-------+-------+-------+-------++-------
Melee: Unarmed           |    11 |       |       |       ||    11
       Club              |     8 |       |       |       ||     8
       Short sword       |    83 |    73 |       |       ||   156
       Trident           |       |   231 |   315 |       ||   546
       Staff             |       |       |   359 |   143 ||   502
 Cast: Summon Small Mamm |    10 |       |       |     3 ||    13
       Call Imp          |    12 |    17 |    27 |     3 ||    59
       Call Canine Famil |     4 |    10 |    26 |     6 ||    46
       Summon Ice Beast  |       |       |    42 |    23 ||    65
Invok: Channel Energy    |       |       |    64 |    60 ||   124
 Abil: Evoke Flight      |       |       |     1 |       ||     1
Evoke: Wand              |       |     9 |     2 |     1 ||    12
  Use: Potion            |     1 |    14 |    38 |    10 ||    63
       Scroll            |       |     8 |     9 |     7 ||    24
 Stab: Sleeping          |     2 |     7 |    11 |     2 ||    22
       Distracted        |     1 |     7 |     6 |     2 ||    16
       Paralysed         |       |       |       |     4 ||     4
  Eat: Corpse            |     9 |       |     1 |     2 ||    12
